AoeStats
← DanielMagnani

Arabia

503507139Analyzed
3v3 RM · 1mo ago on Sep 1, 2026· 13m 18s· 6 players
Game mode
Random Map
Map size
Normal (6 player)
Population
200
Speed
Normal
Resources
Standard
Victory
Conquest
Starting age
Dark Age
Ending age
Imperial Age
RankedLock teamsTeams togetherTeam positionsShared explorationLock speedFull tech treeHidden civsTurbo modeCheats
Victory
Defeat
🇧🇷 Persians · Brazil
1339
+9
🇺🇸 Romans · United States
1253
+13
🇧🇷 Vietnamese · Brazil
1239
+13
🇧🇷 Franks · Brazil
1284
-16
🇧🇷 Britons · Brazil
1138
-10
🇧🇷 Ethiopians · Brazil
1132
-10
Guido
6:06 Loom
8:53 Feudal Age
9:15 Double-Bit Axe
9:13 Horse Collar
got.
6:41 Loom
9:09 Feudal Age
9:47 Double-Bit Axe
13:12 Horse Collar
天选成
11:09 Feudal Age
Yuji_BR
6:55 Loom
9:58 Feudal Age
10:33 Double-Bit Axe
10:30 Horse Collar
Lipe_182
6:36 Loom
9:14 Feudal Age
8:35 Loom
DanielMagnani
6:04 Loom
9:28 Feudal Age
10:24 Double-Bit Axe
Connection lost

Rejoining the realm…

Still unreachable

The connection could not be restored.

Session expired

The server has moved on; the page needs a fresh start.